[Event "*** Titled Tuesday Blitz"]
[Site "Chess.com"]
[Date "2019.07.02"]
[Round "1"]
[White "RitvarsReimanis"]
[Black "OglazaOskar2005"]
[Result "1/2-1/2"]
[WhiteElo "2568"]
[BlackElo "2232"]
[TimeControl "180+2"]
[EndTime "13:10:37 PDT"]
[Termination "Game drawn by repetition"]

1. d4 Nf6 2. c4 g6 3. Nc3 d5 4. e3 Bg7 5. Qb3 dxc4 6. Bxc4 O-O 7. Nf3 b6 8. Ne5 e6 9. O-O Bb7 10. Bd2 Nbd7 11. Nxd7 Qxd7 12. Rfd1 a5 13. Rac1 Rfd8 14. Bb5 Qe7 15. Bf1 Rac8 16. Be1 Nd5 17. Nb5 e5 18. e4 Nf6 19. f3 exd4 20. Nxd4 Nxe4 21. Nb5 Nc5 22. Qa3 Bh6 23. Rb1 Qe3+ 24. Bf2 Qxa3 25.
Nxa3 Ne6 26. Nb5 Bd5 27. Nc3 Bb7 28. Nb5 Bf8 29. Bc4 Nc5 30. Rxd8 Rxd8 31. Nxc7 Rd2 32.
Nb5 Bc6 33. Be3 Rd7 34. Nc3 Bg7 35. Ne2 Bd5 36. b3 Bxc4 37. bxc4 Rd3 38. Kf2 Ra3 39. Rxb6 Nd3+ 40. Kg3 Be5+ 41. Kh3 Rxa2 42. Ng3 a4 43.
Ne4 Nf4+ 44. Bxf4 Bxf4 45. Ra6 a3 46. Nc3 Ra1 47. Nd5 Be5 48. Nb4 Rb1 49. Nd3 Bb2 50. Nxb2 axb2 51. Rb6 Kf8 52. Rb7 Ke8 53. c5 Kd8 54. c6 Kc8 55. Kg3 f6 56. h4 h5 57.
Kf4 Kd8 58. Kg3 g5 59. hxg5 fxg5 60. Rd7+ Kc8 61. Rb7 h4+ 62. Kg4 h3 63. Kg3 hxg2 64. Kxg2 Kd8 65. Rd7+ Kc8 66. Rb7 Kd8 67. Rd7+ Kc8 68.
Rb7 1/2-1/2

[Event "*** Titled Tuesday Blitz"]
[Site "Chess.com"]
[Date "2019.07.02"]
[Round "1"]
[White "fm_magua"]
[Black "Grischuk"]
[Result "1/2-1/2"]
[WhiteElo "2484"]
[BlackElo "3090"]
[TimeControl "180+2"]
[EndTime "13:10:39 PDT"]
[Termination "Game drawn by agreement"]

1. e4 c5 2. Nf3 Nc6 3. d4 cxd4 4. Nxd4 Nf6 5. Nc3 e5 6. Ndb5 d6 7. Nd5 Nxd5 8. exd5 Nb8 9. a4 Be7 10. c3 O-O 11.
Be3 a6 12. Na3 Nd7 13. Be2 f5 14. f4 exf4 15. Bxf4 Nc5 16. O-O b6 17. Bf3 Ra7 18. Nc4 a5 19. b4 Ba6 20. b5 Bc8 21. Re1 Rd7 22. Ra2 g5 23. Be3 Bf6 24. Bd4 g4 25.
Be2 Rg7 26. Bd3 f4 27. Rf2 f3 28. g3 Bxd4 29. cxd4 Nxd3 30. Qxd3 Bf5 31. Qe3 Qc7 32. Nd2 Bg6 33. Nf1 Re8 34. Qd2 Rge7 35. Rc1 Qd7 36. Qg5 Re2 37. Rc2 Qg7 38. Rd2 Bf7 39. Qf4 Bxd5 40.
Qxd6 Bc4 41. Qf4 Re1 42. d5 Rc1 43. Rc2 Rxf1+ 44. Rxf1 Bxf1 45. Kxf1 Rf8 46. Qe4 Kh8 47. d6 Rd8 48. Rc7 Qa1+ 49. Kf2 Qb2+ 50. Rc2 Qf6 51. Qe7 Qxe7 52. dxe7 Re8 53. Rc4 h5 54. h3 gxh3 55.
Rh4 Rxe7 56. Rxh5+ Kg7 57. Rxh3 Re2+ 58. Kxf3 Ra2 59. Rh4 Kf6 60. Re4 Kg5 61. Rd4 Ra3+ 62. Ke4 Rxg3 63. Kd5 Kf5 64. Kc6 Rg6+ 65. Rd6 Rg4 66.
Kxb6 Rxa4 67. Kc5 Ke5 68. Ra6 Ra1 69. b6 Rc1+ 70. Kb5 Kd6 71. Rxa5 Kd7 1/2-1/2

[Event "*** Titled Tuesday Blitz"]
[Site "Chess.com"]
[Date "2019.07.02"]
[Round "1"]
[White "deBaller"]
[Black "resha1988"]
[Result "1/2-1/2"]
[WhiteElo "2394"]
[BlackElo "2746"]
[TimeControl "180+2"]
[EndTime "13:10:56 PDT"]
[Termination "Game drawn - insufficient material"]

1. e4 c6 2. d4 d5 3. exd5 cxd5 4. Bd3 Nf6 5. c3 Nc6 6. Bf4 g6 7. Nf3 Bg7 8. O-O O-O 9. Nbd2 Bf5 10. Bxf5 gxf5 11. Ne5 e6 12. Re1 Ne4 13. Nxe4 fxe4 14. Re3 f6 15. Nxc6 bxc6 16. Rg3 Rf7 17. Qa4 Qd7 18. Bh6 Kh8 19. Bxg7+ Rxg7 20. Rxg7 Kxg7 21.
b4 Kf7 22. Qa6 Rb8 23. a4 Qc7 24. Re1 Qb6 25. Qe2 Rg8 26. Qh5+ Kg7 27. Re3 Kh8 28. Qf7 Qd8 29. Rh3 Rg7 30. Qxe6 Qg8 31. Qxf6 Qf7 32.
Qxf7 Rxf7 33. Rh6 Rc7 34. Rd6 Kg7 35. Kf1 Kf7 36. Ke2 Ke7 37. Rh6 Kd8 38. Ke3 Rg7 39.
g3 Kc7 40. f3 exf3 41. Kxf3 Kb6 42. b5 Ka5 43. bxc6 Kxa4 44. Rd6 Rc7 45. Rxd5 Rxc6 46. Rd7 a5 47. Rxh7 Rxc3+ 48. Ke4 Kb5 49. Rb7+ Kc6 50. Rb2 a4 51. d5+ Kc5 52. Rd2 Kd6 53. Kd4 Rc5 54. Ke4 a3 55. Ra2 Ra5 56. Kd3 Kxd5 57. Kc3 Ke4 58.
Kb4 Rh5 59. h4 Kf3 60. Rxa3+ Kg4 61. Kc4 Re5 62. Kd4 Re8 63. Re3 Rd8+ 64. Ke4 Rf8 65. Kd3 Rf2 66. Re2 Rf3+ 67. Re3 Rf2 68. Ke4 Rf8 69.
Kd5 Rf5+ 70. Ke6 Rf1 71. Ke7 Rf5 72. Re6 Kxg3 73. Rf6 Rxf6 74. Kxf6 Kxh4 1/2-1/2

[Event "*** Titled Tuesday Blitz"]
[Site "Chess.com"]
[Date "2019.07.02"]
[Round "1"]
[White "DACF2905"]
[Black "csati17"]
[Result "1-0"]
[WhiteElo "2223"]
[BlackElo "2548"]
[TimeControl "180+2"]
[EndTime "13:11:25 PDT"]
[Termination "DACF2905 won by checkmate"]

1. e4 e6 2. d4 d5 3. Nc3 Bb4 4. e5 Ne7 5. f4 b6 6. Nf3 Ba6 7.
a3 Bxc3+ 8. bxc3 Bxf1 9. Rxf1 c5 10. Kf2 Nbc6 11. Kg1 Rc8 12. a4 cxd4 13. cxd4 Nb4 14. Rf2 Nf5 15. Rb1 Nc6 16. Ba3 Na5 17. Qd3 Qd7 18.
g4 Nh6 19. Rb5 Qc6 20. f5 Nxg4 21. Rg2 exf5 22. Qxf5 Ne3 23. Qg5 Qe6 24. Qxe3 Nc4 25. Qb3 a6 26. Rb4 O-O 27. Bc1 Qf5 28. Qd3 Qh5 29. Rg5 Qh3 30. Rg3 Qh5 31. Ng5 Rc6 32. Rh3 Qg6 33. Qxg6 Rxg6 34. Rg3 h6 35. Nf3 Rc6 36.
Nh4 Na5 37. Nf5 g6 38. Nxh6+ Kh7 39. Ng4 Rxc2 40. Nf6+ Kg7 41. Bg5 Rh8 42. h4 Nc6 43. Rxb6 Nxd4 44. Rg2 Nf3+ 45. Kf1 Rxg2 46. Kxg2 Nxe5 47.
Nxd5 Re8 48. Bf6+ Kh6 49. Bg5+ Kg7 50. Rxa6 Nd3 51. Nf6 Rc8 52. Ra7 Rc2+ 53. Kf1 Rf2+ 54. Kg1 Ra2 55. Ne4 Kf8 56. Nd6 Ne5 57. Bf6 Nf3+ 58. Kf1 Kg8 59. Nxf7 Nd2+ 60. Ke1 Ne4 61. Nh6+ Kf8 62. Be5 Ke8 63. Ng4 Kd8 64. Nf6 Nc5 65.
Bd6 Rxa4 66. Bxc5 Rxh4 67. Kf2 Rc4 68. Be7+ Kc8 69. Kf3 g5 70. Ng4 Kb8 71. Rd7 Kc8 72. Rd3 Rf4+ 73. Kg3 Rf5 74. Rd6 Kc7 75. Rg6 Kd7 76.
Bxg5 Ra5 77. Bf4 Ra3+ 78. Kh4 Ke7 79. Rg5 Ra1 80. Rb5 Ke6 81. Kg5 Ra8 82. Nf6 Rf8 83.
Rb6+ Kf7 84. Kf5 Ra8 85. Rb7+ Kf8 86. Bh6# 1-0

[Event "*** Titled Tuesday Blitz"]
[Site "Chess.com"]
[Date "2019.07.02"]
[Round "1"]
[White "LaughingTiger"]
[Black "Airquake"]
[Result "0-1"]
[WhiteElo "2314"]
[BlackElo "2661"]
[TimeControl "180+2"]
[EndTime "13:12:14 PDT"]
[Termination "Airquake won by checkmate"]

1. e4 c5 2. Nf3 d6 3. d4 cxd4 4. Nxd4 Nf6 5. Nc3 a6 6. Bg5 e6 7. f4 Qb6 8. a3 Nc6 9. Nb3 Be7 10. Qf3 Na5 11. Nxa5 Qxa5 12. O-O-O O-O 13. Bxf6 Bxf6 14. Rxd6 Be7 15. Rd2 b5 16. e5 Rb8 17. Ne4 b4 18.
a4 Qxa4 19. Kb1 Bb7 20. Bd3 Rfd8 21. Rhd1 b3 22. cxb3 Qxb3 23. Bc2 Qb6 24. Rxd8+ Rxd8 25. Rxd8+ Bxd8 26. Qd3 Bd5 27. Nc3 Qg1+ 28. Bd1 Qxg2 29. Nxd5 Qxd5 30. Qxd5 exd5 31. Bb3 Bb6 32. Bxd5 Kf8 33.
f5 Bc7 34. Kc2 Bxe5 35. h4 a5 36. b3 g6 37. fxg6 hxg6 38. Kd3 Bf6 39. h5 gxh5 40. Bf3 h4 41. Ke4 Ke7 42. Kd5 Bc3 43. Bg4 Kf6 44. Ke4 Ke7 45. Kd5 Bb4 46. Bh3 Kd8 47. Kc6 Ke8 48. Bg4 Kf8 49. Kd5 Ke7 50. Bh3 Kd8 51.
Kc6 Be1 52. Bg4 Ke7 53. Kd5 Ke8 54. Bh3 Kf8 55. Bg4 Kg7 56. Ke4 Kg6 57. Bf5+ Kg5 58. Bh3 f6 59. Bf5 Bb4 60. Bh3 Kg6 61. Bf5+ Kf7 62.
Bh3 Ke7 63. Kd5 Kd8 64. Kc6 Ke8 65. Kd5 Be1 66. Bg4 Ke7 67. Bh3 Kf7 68. Ke4 Ke8 69.
Kd5 Kd8 70. Ke4 Kc7 71. Kd5 Kb6 72. Bd7 Bc3 73. Kc4 Ba1 74. Bh3 Kc6 75. Kd3 Kd5 76. Ke3 Kc5 77. Kd3 Bb2 78. Kc2 Ba3 79. Kd3 Kd5 80. Ke3 Bc5+ 81. Kf4 Kd4 82. Bf1 Kc3 83.
Kf5 Bd4 84. Kg4 Kxb3 85. Kxh4 a4 86. Bg2 a3 87. Bh3 Kb2 88. Be6 a2 89. Bxa2 Kxa2 90. Kg4 Kb3 91. Kf5 Be5 92. Kg6 Kc3 93. Kf5 Kd3 94. Kg6 Ke4 95. Kf7 f5 96. Ke6 f4 97.
Kd7 f3 98. Ke7 f2 99. Ke6 f1=Q 100. Kd7 Qf6 101. Ke8 Qg7 102. Kd8 Kd5 103. Ke8 Kd6 104. Kd8 Qf8# 0-1

[Event "*** Titled Tuesday Blitz"]
[Site "Chess.com"]
[Date "2019.07.02"]
[Round "1"]
[White "Firouzja2003"]
[Black "adriangschnitzer"]
[Result "1/2-1/2"]
[WhiteElo "2956"]
[BlackElo "2473"]
[TimeControl "180+2"]
[EndTime "13:12:25 PDT"]
[Termination "Game drawn - insufficient material"]

1. d4 Nf6 2. c4 c5 3. d5 b5 4. cxb5 a6 5. b6 e6 6. Nc3 Nxd5 7. Nxd5 exd5 8. Qxd5 Nc6 9. Nf3 Rb8 10. Ne5 Qf6 11. Nxc6 dxc6 12. Qe4+ Be7 13. Bf4 Rxb6 14. Be5 Qe6 15. Qf4 O-O 16. e3 Bf6 17. Bxf6 Qxf6 18. Qxf6 gxf6 19. O-O-O Be6 20. a3 Rfb8 21. Rd2 c4 22. Rc2 c3 23. b4 c5 24. Rxc3 cxb4 25.
axb4 Rxb4 26. Bd3 Rb3 27. Rxb3 Rxb3 28. Kc2 Ra3 29. f4 Ra2+ 30. Kc3 Rxg2 31. Bxa6 Bd5 32. Bd3 Rc2+ 33. Bxc2 Bxh1 34. Kd4 Bb7 35. Kc5 Kg7 36.
Kd6 Bf3 37. Bb3 Kf8 38. Bc2 h6 39. Bd3 Bg2 40. Bc4 Bf3 41. Bd5 Bg4 42. Be4 Bh3 43. Bc6 Bg4 44. Bd5 Bh3 45. Kc5 Bg4 46. Kd4 Bf5 47.
e4 Bc8 48. f5 Ba6 49. Ke3 Kg7 50. Kf4 Be2 51. Ke3 Bd1 52. Kd4 Be2 53. Kc5 Kf8 54.
Kd6 Bd1 55. h4 Bc2 56. Kc5 Bd1 57. Kb6 Bc2 58. Kc6 Bd1 59. Kd7 Ba4+ 60. Kc7 Bc2 61. Kd6 Bd1 62. e5 fxe5 63. Kxe5 Kg7 64. f6+ Kf8 65.
Kf4 Kg8 66. Bf3 Bc2 67. Kg4 Bg6 68. Bc6 Kf8 69. Bb5 Kg8 70. Ba4 Kf8 71. Bc6 Kg8 72.
Bd7 Bc2 73. Bb5 Bd1+ 74. Kf4 Kf8 75. Bd7 Kg8 76. Bg4 Bc2 77. Bf5 Bd1 78. Be4 Kf8 79. Bf3 Bc2 80. Kg4 Bg6 81. Bc6 Kg8 82. Bb5 Kf8 83. Bd7 Kg8 84. Bf5 Kf8 85. Kf4 Ke8 86.
Ke5 Bxf5 87. Kxf5 Kd7 88. Kg4 Ke6 89. Kh5 Kxf6 90. Kxh6 Kf5 91. Kg7 Kg4 92. Kxf7 Kxh4 1/2-1/2

[Event "*** Titled Tuesday Blitz"]
[Site "Chess.com"]
[Date "2019.07.02"]
[Round "1"]
[White "Aleksandr_Kholin"]
[Black "DrVitman"]
[Result "1/2-1/2"]
[WhiteElo "2361"]
[BlackElo "2695"]
[TimeControl "180+2"]
[EndTime "13:12:30 PDT"]
[Termination "Game drawn by repetition"]

1. Nf3 d5 2. g3 c6 3. Bg2 Bg4 4. h3 Bh5 5. O-O Nd7 6. d4 e6 7. Be3 Ngf6 8. Nbd2 Bd6 9. c4 O-O 10. a3 h6 11. b4 Re8 12. Re1 a6 13. Qb3 Bg6 14. Rac1 Ne4 15. Nxe4 Bxe4 16. c5 Bc7 17. a4 e5 18. dxe5 Nxe5 19. Nxe5 Rxe5 20. Bf4 Re6 21. Bxc7 Qxc7 22. Bxe4 Rxe4 23. b5 axb5 24. axb5 Rae8 25. bxc6 bxc6 26. Qb6 Qd7 27. Rc2 R8e6 28. Kg2 h5 29. Ra2 d4 30. Ra8+ Kh7 31. Qb1 f5 32.
Qb3 d3 33. Rd1 d2 34. Qf3 Rh6 35. Ra2 Rd4 36. Qc3 Qd5+ 37. Kg1 Rc4 38. Qxd2 Qxc5 39.
h4 Rg4 40. Ra5 Qb6 41. Kg2 c5 42. Ra3 Rf6 43. Rf3 c4 44. Qd7 Qc6 45. Qxc6 Rxc6 46. Rc1 g6 47. Rcc3 Re4 48. e3 Kg7 49. Kf1 Kf6 50.
Ke2 Ke5 51. Rf4 Rxf4 52. gxf4+ Kd5 53. Kd2 Ra6 54. Rc2 Ra1 55. Rb2 Rf1 56. Ke2 Rg1 57. Rb6 Kc5 58. Rb8 Rg4 59. Rg8 Kb4 60. Kd2 Rg2 61. Rb8+ Kc5 62. Ke2 Rg1 63. Kd2 Rg2 64. Ke2 Rg4 65. Rg8 Kd5 66. Rd8+ Ke6 67. Rc8 Rxh4 68. Rxc4 Rh1 69. Kf3 h4 70. Ra4 Kf6 71. Ra6+ Kg7 72. Ra7+ Kh6 73. Ra8 Rh2 74. Rh8+ Kg7 75.
Ra8 Rh1 76. Rb8 Rg1 77. Rb7+ Kh6 78. Rb8 Rg4 79. Rh8+ Kg7 80. Ra8 g5 81. Ra7+ Kg6 82. fxg5 Kxg5 83. Rg7+ Kh5 84. Rh7+ Kg5 85. Rg7+ Kh5 86.
Rh7+ Kg6 87. Rh8 Kf6 88. Ke2 Ra4 89. Kf3 Kg7 90. Rh5 Kg6 91. Rh8 Rg4 92. Rg8+ Kh5 93.
Rh8+ Kg5 94. Rg8+ Kh5 95. Rh8+ Kg6 96. Rg8+ Kh5 1/2-1/2

[Event "*** Titled Tuesday Blitz"]
[Site "Chess.com"]
[Date "2019.07.02"]
[Round "1"]
[White "xdb"]
[Black "Azatnew"]
[Result "0-1"]
[WhiteElo "2236"]
[BlackElo "2594"]
[TimeControl "180+2"]
[EndTime "13:12:37 PDT"]
[Termination "Azatnew won by resignation"]

1. e4 c5 2. Nf3 Nc6 3. d4 cxd4 4.
Nxd4 g6 5. c4 Bg7 6. Be3 Nf6 7.
Nc3 Ng4 8. Qxg4 Nxd4 9. Qd1 Ne6 10. Be2 d6 11. O-O O-O 12. Qd2 Nc5 13. f3 Be6 14. Nd5 Bxd5 15. exd5 Rc8 16. Rab1 Na4 17. Rfc1 b6 18. Bd1 Nc5 19. b4 Nd7 20. Bb3 Ne5 21.
Bd4 Qd7 22. Rc3 Rc7 23. f4 Ng4 24. Re1 Rfc8 25. Bxg7 Kxg7 26. h3 Nf6 27. Rce3 Qd8 28. Qd4 Kg8 29. Kh2 h5 30. f5 Kg7 31. fxg6 fxg6 32.
Re6 Qf8 33. Qe3 Kf7 34. Qg5 Qg7 35. Rf1 Kg8 36. Rfxf6 exf6 37. Rxf6 Kh7 38. Bc2 Kh8 39. Bxg6 Kg8 40. Rxd6 Re7 41. Qxh5 Rf8 42. Bf5 Qe5+ 43. Kh1 Qxd6 44. Qg4+ Rg7 45. Be6+ Rf7 46. Qf5 Kf8 47. Bxf7 Rxf7 48. Qc8+ Kg7 49. Qg4+ Qg6 50. Qd4+ Qf6 51. Qg4+ Kf8 52. Qc8+ Kg7 53. Qg4+ Kh6 54. c5 Qa1+ 55. Kh2 Qe5+ 56. Kg1 Qxd5 57. cxb6 axb6 58. Qh4+ Qh5 59. Qd4 Qf5 60. Qxb6+ Rf6 61. Qe3+ Kg7 62. Qg3+ Kf7 63. Qc7+ Kg6 64. Qg3+ Qg5 65. Qd3+ Kh6 66. a4 Qc1+ 67. Kh2 Qf4+ 68. Kg1 Qxb4 69. Qe3+ Qf4 70. Qe7 Rd6 71.
Qe2 Rd2 72. Qe6+ Kg7 73. Qe7+ Kg6 74. Qe6+ Qf6 75. Qg8+ Kf5 76. Qg4+ Ke5 77. Qg3+ Qf4 78. Qg7+ Ke4 79. Qe7+ Kd3 80. Qd7+ Ke2 81. Qb5+ Rd3 82. a5 Qc1+ 83. Kh2 Qc7+ 84. Kg1 Qd7 85. Qh5+ Kd2 86. a6 Qd4+ 87. Kh2 Qd6+ 88. Kg1 Qxa6 89. Qg5+ Kc2 90. Qc5+ Kd1 91. Qh5+ Kc2 92. Qc5+ Rc3 93. Qf2+ Kb3 94. Qf7+ Qc4 95. Qb7+ Kc2 96. Qh7+ Kb2 97. Qb7+ Kc1 98. Qh7 Qd4+ 99. Kh2 Qd6+ 100. Kg1 Re3 101. Qh6 Qxh6 0-1

[Event "*** Titled Tuesday Blitz"]
[Site "Chess.com"]
[Date "2019.07.02"]
[Round "1"]
[White "vova-79"]
[Black "Artur0208"]
[Result "0-1"]
[WhiteElo "2399"]
[BlackElo "2762"]
[TimeControl "180+2"]
[EndTime "13:12:41 PDT"]
[Termination "Artur0208 won on time"]

1. d4 d5 2. c4 e6 3. Nc3 Be7 4. Nf3 Nf6 5. Bf4 O-O 6. e3 Nbd7 7. cxd5 Nxd5 8. Nxd5 exd5 9. Bd3 c6 10. O-O Nf6 11.
h3 Bd6 12. Bxd6 Qxd6 13. Qc2 Re8 14. Rab1 a5 15. a3 Ne4 16. Rfc1 Bf5 17. Nd2 Nxd2 18. Qxd2 Bxd3 19. Qxd3 a4 20. Qc3 Re7 21. Qc5 Qxc5 22. Rxc5 Kf8 23. Rbc1 Ke8 24. g3 Kd7 25. Kg2 Kd6 26.
R1c2 Ra6 27. Kf3 Re4 28. Kg2 f5 29. h4 g6 30. Kf3 Ra8 31. Kg2 h6 32. Kf3 g5 33. hxg5 hxg5 34. Rd2 f4 35. exf4 gxf4 36. g4 Rh8 37. Ra5 b5 38. Ra6 Kc7 39. Ra7+ Kb6 40.
Rf7 Rh3+ 41. Kg2 Rh4 42. Kf3 Rh3+ 43. Kg2 Rb3 44. Rf6 f3+ 45. Kg3 Re2 46. Rd1 Rexb2 47. g5 Rb1 48. Rxb1 Rxb1 49. Rxf3 Rg1+ 50. Kf4 b4 51. axb4 Kb5 52. Rg3 Rxg3 53. fxg3 a3 54. g6 a2 55. g7 a1=Q 56. g8=Q Qxd4+ 57. Kf3 Qe4+ 58. Kf2 Kxb4 59. g4 c5 60. g5 c4 61. g6 Qf4+ 62. Kg2 Qg4+ 63. Kf2 Qf5+ 64. Kg2 Qe4+ 65. Kf2 Qf4+ 66. Kg2 Qg5+ 67. Kf2 c3 68. g7 c2 69. Qb8+ Kc4 70. g8=Q Qd2+ 71. Kf3 Qd3+ 72.
Kf2 Qd4+ 73. Kg3 Qe3+ 74. Kg2 c1=Q 75. Qgc8+ Kd4 76. Qb6+ Kd3 77. Qb3+ Ke2 78. Qxc1 Qxb3 79. Qf1+ Kd2 80. Qf2+ Kc1 0-1

[Event "*** Titled Tuesday Blitz"]
[Site "Chess.com"]
[Date "2019.07.02"]
[Round "1"]
[White "Margency"]
[Black "Walter_White_Poland"]
[Result "1-0"]
[WhiteElo "2634"]
[BlackElo "2304"]
[TimeControl "180+2"]
[EndTime "13:13:02 PDT"]
[Termination "Margency won on time"]

1. e4 e6 2. d4 d5 3. Nc3 Nf6 4. Bg5 Bb4 5. e5 h6 6. Be3 Ne4 7. Qg4 g5 8. a3 h5 9. Qf3 g4 10. Qf4 Bxc3+ 11. bxc3 c5 12. Bd3 Nxc3 13. dxc5 Nc6 14.
h3 d4 15. Bd2 Qd5 16. Kf1 Qxe5 17. hxg4 Qxf4 18. Bxf4 e5 19. Bg5 Bxg4 20. Re1 Kd7 21. Bf6 Rh6 22. Bxe5 Re8 23. Bf4 Rxe1+ 24. Kxe1 Re6+ 25.
Kf1 Ne5 26. Bh7 Ng6 27. Bb8 Ra6 28. f3 Be6 29. Rxh5 Rxa3 30. Nh3 Ra1+ 31. Kf2 Nd1+ 32. Kg3 Ne3 33. Bxg6 fxg6 34. Rh7+ Kc6 35. Be5 Kxc5 36. c3 Nf5+ 37. Kf4 d3 38. Nf2 d2 39. g4 d1=Q 40. Nxd1 Rxd1 41. gxf5 Bxf5 42. Rxb7 a5 43. Ra7 Kb6 44.
Ra8 Rd3 45. Bd4+ Kb5 46. Rf8 a4 47. Rb8+ Kc6 48. Rb4 a3 49. Ra4 Be6 50. Rxa3 Bd5 51.
Ra6+ Kb7 52. Rxg6 Bxf3 53. Rg3 Be2 54. Rg2 Bf1 55. Rf2 Rd1 56. Ke5 Kc6 57. Rf6+ Kb5 58. Rb6+ Kc4 59. Rb4+ Kd3 60. Rb2 Re1+ 61. Kd5 Re2 62. Rb1 Bg2+ 63. Kc5 Re8 64. Rd1+ Kc2 65. Rg1 Rc8+ 66. Kd6 Be4 67. Rg3 Kb3 68. Ke5 Bc2 69. Kd6 Kc4 70. Kd7 Ra8 71. Rg5 Bb3 72. Rc5+ Kd3 73.
Be5 Ra6 74. Bd4 Rg6 75. Rh5 Ra6 76. Kc7 Rg6 77. Be5 Ra6 78. Rh3+ Kc4 79. Kb7 Re6 80.
Rh4+ Kd3 81. Bd4 Kc4 82. Kc7 Kd3 83. Rh8 Rg6 84. Rb8 Bc4 85. Rb1 Ke4 86. Re1+ Kd3 87. Re3+ Kc2 88. Rf3 Kb3 89. Bf6 Rh6 90. Kb6 Ka4 91.
Kc5 Ba2 92. c4 Rh5+ 93. Kd4 Kb4 94. Be7+ 1-0

[Event "*** Titled Tuesday Blitz"]
[Site "Chess.com"]
[Date "2019.07.02"]
[Round "1"]
[White "monalize"]
[Black "Bryakin_Mikhail"]
[Result "0-1"]
[WhiteElo "2326"]
[BlackElo "2675"]
[TimeControl "180+2"]
[EndTime "13:14:05 PDT"]
[Termination "Bryakin_Mikhail won by checkmate"]

1. e4 c6 2. d4 d5 3. Nc3 dxe4 4. Nxe4 Bf5 5. Ng3 Bg6 6. Nh3 Nf6 7. Nf4 e5 8. Nxg6 hxg6 9. Be3 Nbd7 10. dxe5 Nxe5 11. Qxd8+ Kxd8 12. O-O-O+ Kc7 13. h3 Bd6 14. Be2 Rhe8 15. Rhe1 Nd5 16. Bd4 f6 17. Bf1 Nf4 18. Ne4 Bb4 19. c3 Bf8 20. g3 Nd5 21. Nd2 Rad8 22.
Bxe5+ Rxe5 23. Rxe5 fxe5 24. Ne4 Re8 25. Kc2 Be7 26. Bd3 g5 27. Re1 Rf8 28. Re2 a5 29.
a4 Rh8 30. Nd2 Bf6 31. Bf5 Ne7 32. Bg4 b5 33. axb5 cxb5 34. Nf3 Nc6 35. Rd2 Kb6 36. Rd7 b4 37. Nd2 bxc3 38. bxc3 a4 39. Rd6 Kc7 40. Rd7+ Kb6 41. Rd6 Kc7 42. Nc4 Rd8 43. Rxd8 Nxd8 44. Bf3 Ne6 45. Bd5 Nc5 46. Ne3 e4 47. Nc4 Nd3 48.
Bxe4 Nxf2 49. Bf5 Nh1 50. g4 Nf2 51. Kb2 Kc6 52. Ka3 Kd5 53. Ne3+ Kc5 54. Kxa4 Bxc3 55. Kb3 Bd4 56. Nc2 Nxh3 57. Nb4 Bf6 58. Na6+ Kd4 59.
Nc7 Nf2 60. Ne6+ Ke5 61. Kc4 g6 62. Bxg6 Kxe6 63. Bf5+ Ke5 64. Kc5 Kf4 65. Kd5 Nxg4 66. Ke6 Bb2 67. Bg6 Ne3 68. Bh5 Ng4 69. Kf7 Ne5+ 70.
Ke6 Nd3 71. Kd5 Nf2 72. Kc4 Ne4 73. Kd3 Ng3 74. Bd1 Ba3 75. Kd4 Bb4 76. Kc4 Be1 77.
Kd3 Nf1 78. Be2 Ne3 79. Kd4 Ba5 80. Kd3 Bb6 81. Bh5 Nf5 82. Bd1 Kg3 83. Ke4 Ne3 84. Be2 g4 85. Bxg4 Kxg4 86. Kd3 Kf3 87. Kd2 Ke4 88.
Ke2 Bd4 89. Kf2 Nf5+ 90. Ke2 Be3 91. Kf1 Kf3 92. Ke1 Nd4 93. Kf1 Bg5 94. Kg1 Ne6 95.
Kh2 Nf4 96. Kh1 Nd3 97. Kg1 Nf2 98. Kh2 Bf4+ 99. Kg1 Bg3 100. Kf1 Bh2 101. Ke1 Ne4 102. Kf1 Nd2+ 103. Ke1 Ke3 104. Kd1 Kd3 105. Ke1 Bg3+ 106. Kd1 Ne4 107. Kc1 Nd2 108. Kd1 Nc4 109. Kc1 Be1 110. Kd1 Bb4 111. Kc1 Bd2+ 112. Kb1 Kc3 113. Ka2 Kb4 114. Kb1 Kb3 115. Ka1 Bc1 116. Kb1 Ba3 117. Ka1 Bb2+ 118. Kb1 Nd2# 0-1

[Event "*** Titled Tuesday Blitz"]
[Site "Chess.com"]
[Date "2019.07.02"]
[Round "1"]
[White "DerSchachaffe"]
[Black "Alex_Molchanov"]
[Result "1-0"]
[WhiteElo "2303"]
[BlackElo "2560"]
[TimeControl "180+2"]
[EndTime "13:15:31 PDT"]
[Termination "DerSchachaffe won by checkmate"]

1. e4 c6 2. d4 d5 3. e5 Bf5 4. h4 h5 5. Bd3 Bxd3 6. Qxd3 e6 7.
Bg5 Be7 8. Nf3 Nh6 9. Nc3 Nf5 10. Ne2 c5 11. dxc5 Qa5+ 12. c3 Qxc5 13. Ned4 Nxd4 14. cxd4 Qa5+ 15. Ke2 Qa6 16. Rhc1 Qxd3+ 17. Kxd3 Nc6 18. a3 f6 19. exf6 gxf6 20. Bf4 Kd7 21. Rc3 Rac8 22. Rac1 Bd6 23. Bxd6 Kxd6 24. b4 a6 25. g3 Rhg8 26.
Ke3 Kd7 27. Rc5 Rg4 28. Kd3 Rgg8 29. R5c2 e5 30. dxe5 fxe5 31. Ng5 e4+ 32. Ke3 Rgf8 33. Rc5 d4+ 34. Kxe4 Rce8+ 35. Kd3 Rxf2 36. Rd5+ Kc7 37. Rxd4 Rg2 38. Ne4 Kb8 39. Rd5 Ne5+ 40. Kd4 Nc6+ 41. Kd3 Ra2 42. Rc3 Ne5+ 43. Kd4 Nc6+ 44.
Kd3 Ra1 45. Nd2 Rg1 46. Rxh5 Rd8+ 47. Ke2 Rg2+ 48. Kf3 Rgxd2 49. Rhc5 R2d6 50. g4 Rf8+ 51. Kg3 Rd1 52. h5 Rg8 53. Kh4 Rd4 54. Rg3 Nd8 55. h6 Nf7 56. Rh5 Nh8 57. h7 Rg7 58. Rh6 Rdd7 59.
Rf3 Rd8 60. g5 Ka7 61. Kh5 Rd5 62. Rg3 a5 63. bxa5 Rxa5 64. Kh4 Ra4+ 65. Kh3 Ra5 66. Kh4 Ra4+ 67. Kh3 Rc4 68. Rg4 Rc3+ 69. Rg3 Rc1 70. Kg4 Nf7 71. h8=Q Rxg5+ 72. Kf4 Rf1+ 73. Ke4 Re1+ 74. Kd3 Nxh8 75. Rxg5 Nf7 76. Ra5+ Kb8 77. Rf6 Nd8 78. Rf8 Kc7 79. Rc5+ Nc6 80. Rc3 Rh1 81. Rf5 Rh4 82. Kc2 Kb6 83. Rf2 Ra4 84. Kb2 Ka7 85.
Rf7 Ne5 86. Re7 Nc6 87. Rxc6 Rh4 88. Rc2 Rh3 89. Rcc7 Rh2+ 90. Kc3 Rh3+ 91. Kb4 Rh5 92. Rxb7+ Ka6 93. Ra7+ Kb6 94. Reb7+ Kc6 95. Rc7+ Kb6 96.
Rcb7+ Kc6 97. Kb3 Rh3+ 98. Ka4 Rh4+ 99. Rb4 Rh2 100. Ra6+ Kc5 101. Ra5+ Kc6 102. Ra6+ Kc5 103. Rb8 Rh3 104. Ra7 Kc6 105. Rg7 Rh6 106. Ka5 Rh3 107. a4 Rh4 108. Rb4 Rh8 109. Rg6+ Kc5 110. Rb5+ Kc4 111. Rc6+ Kd4 112. Rb7 Ra8+ 113. Kb5 Kd5 114. Rc1 Rh8 115. a5 Rh2 116. Rd7+ Ke6 117. Rd4 Ra2 118. Re1+ Kf5 119. a6 Rb2+ 120. Rb4 Ra2 121. Kb6 Kf6 122. a7 Ra1 123. Kb7 Rxe1 124. a8=Q Re7+ 125. Kc6 Re6+ 126. Kb5 Re5+ 127. Ka4 Re6 128. Qf8+ Kg6 129. Qg8+ Kf6 130. Qxe6+ Kxe6 131. Kb5 Kd5 132. Ra4 Ke5 133. Kc5 Ke6 134. Re4+ Kf5 135. Kd5 Kf6 136. Ra4 Ke7 137. Ra6 Kf7 138. Re6 Kg7 139. Ke5 Kf7 140. Kf5 Kf8 141. Kg6 Kg8 142. Re8# 1-0

[Event "*** Titled Tuesday Blitz"]
[Site "Chess.com"]
[Date "2019.07.02"]
[Round "2"]
[White "pulvettd"]
[Black "BlackBoarder"]
[Result "1-0"]
[WhiteElo "2512"]
[BlackElo "2490"]
[TimeControl "180+2"]
[EndTime "13:17:41 PDT"]
[Termination "pulvettd won by resignation"]

1. d4 Nf6 2. c4 e6 3. Nf3 d5 4. g3 dxc4 5. Bg2 a6 6. O-O Nc6 7. Nc3 Rb8 8. Bg5 Be7 9. e3 b5 10. a4 O-O 11. axb5 a5 12. bxc6 1-0

[Event "*** Titled Tuesday Blitz"]
[Site "Chess.com"]
[Date "2019.07.02"]
[Round "2"]
[White "Lord_Neezy"]
[Black "Barrelius"]
[Result "0-1"]
[WhiteElo "2320"]
[BlackElo "2506"]
[TimeControl "180+2"]
[EndTime "13:17:59 PDT"]
[Termination "Barrelius won by resignation"]

1. e4 c6 2. d4 d5 3. Nc3 dxe4 4. Nxe4 Nf6 5. Nxf6+ exf6 6. c3 Bd6 7. Bd3 O-O 8. Ne2 Re8 9. Qc2 h5 10. Be3 Nd7 11. O-O-O Nf8 12. Rdg1 Qc7 13. h4 Be6 14. Kb1 b5 15. Nf4 Bxf4 16. Bxf4 Qxf4 0-1

[Event "*** Titled Tuesday Blitz"]
[Site "Chess.com"]
[Date "2019.07.02"]
[Round "2"]
[White "Macron20hTF1"]
[Black "icychess54"]
[Result "1-0"]
[WhiteElo "2263"]
[BlackElo "2125"]
[TimeControl "180+2"]
[EndTime "13:18:31 PDT"]
[Termination "Macron20hTF1 won by resignation"]

1. f4 d5 2. Nf3 Nf6 3. g3 c5 4. Bg2 Nc6 5. O-O e6 6. d3 Be7 7. e4 dxe4 8. dxe4 Qxd1 9. Rxd1 Nxe4 10. Ne5 Nxe5 11. fxe5 f5 12. exf6 Nxf6 13. Na3 e5 14.
Re1 O-O 15. Rxe5 Bd6 16. Re1 Rb8 17. Nb5 Rd8 18. Nxd6 1-0

[Event "*** Titled Tuesday Blitz"]
[Site "Chess.com"]
[Date "2019.07.02"]
[Round "2"]
[White "Samantha_Ross"]
[Black "Ceejay271"]
[Result "0-1"]
[WhiteElo "2011"]
[BlackElo "2179"]
[TimeControl "180+2"]
[EndTime "13:18:43 PDT"]
[Termination "Ceejay271 won by resignation"]

1. c4 e6 2. Nf3 d5 3. e3 Nf6 4.
b3 Be7 5. Bb2 O-O 6. Be2 b6 7.
cxd5 Nxd5 8. O-O Bb7 9. a3 c5 10. d3 Nc6 11. Nbd2 Bf6 12. Qc2 Bxb2 13. Qxb2 Qf6 14. Qxf6 gxf6 15. Rac1 Rfd8 16. Rfd1 Rd7 17. Nc4 Rad8 18. Kf1 Kf8 19. g3 Ke7 20. Ncd2 Nc7 21. Rc4 Ba6 22. Rh4 Bxd3 23. Rxh7 Bxh7 0-1

[Event "*** Titled Tuesday Blitz"]
[Site "Chess.com"]
[Date "2019.07.02"]
[Round "2"]
[White "resha1988"]
[Black "albi1999"]
[Result "1-0"]
[WhiteElo "2749"]
[BlackElo "2515"]
[TimeControl "180+2"]
[EndTime "13:18:49 PDT"]
[Termination "resha1988 won by resignation"]

1. b3 e5 2. Bb2 Nc6 3. c4 Nf6 4. e3 g6 5. d3 Bg7 6. Nd2 O-O 7. Ngf3 Re8 8. Be2 d5 9. cxd5 Nxd5 10. Qb1 a5 11. a3 Be6 12. O-O Qd7 13. Qc2 f6 14.
Rac1 Rad8 15. Ne4 Bf8 16. Nc5 Bxc5 17. Qxc5 Nde7 18. Nd2 b6 19. Qc2 Rc8 20. Ne4 Nd5 21. Qxc6 1-0